 Dungeon Crawl Stone Soup version 0.28.0-43-g3370ac3207 (webtiles) character file.

Game seed: 1035285884189879569

23 issech the Cudgeller (level 2, -5/29 HPs)
             Began as a Troll Monk on Mar 8, 2022.
             Succumbed to a goblin's poison
             ... on level 1 of the Dungeon.
             The game lasted 00:01:21 (309 turns).

issech the Cudgeller (Troll Monk)                    Turns: 309, Time: 00:01:21

Health: -5/29      AC:  4    Str: 18    XL:     2   Next: 75%
Magic:  1/1        EV: 10    Int:  6    God:
Gold:   10         SH:  0    Dex: 12    Spells: 1/1 levels left

rFire   . . .      SeeInvis .   a - +0 mace
rCold   . . .      Faith    .   (no shield)
rNeg    . . .      Spirit   .   b - +0 robe
rPois   .          Reflect  .   (helmet restricted)
rElec   .          Harm     .   (no cloak)
rCorr   .          Rampage  .   (gloves unavailable)
Will    .....                   (boots unavailable)
Stlth   ++........              (no amulet)
HPRegen 0.89/turn               (no ring)
MPRegen 0.07/turn               (no ring)

@: lethally poisoned (-5 -> -23)
A: large, unfitting armour, claws 3, regeneration 1, shaggy fur 1, tough skin 1
a: no special abilities


You were on level 1 of the Dungeon.
You visited 1 branch of the dungeon, and saw 1 of its levels.

You collected 10 gold pieces.

Inventory:

Hand Weapons
 a - a +0 mace (weapon)
Missiles
 h - 12 stones (quivered)
Armour
 b - a +0 robe (worn)
Scrolls
 c - a scroll of amnesia {unknown}
 d - a scroll of fear {unknown}
 f - a scroll of fog {unknown}
 g - a scroll of identify {unknown}
 i - a scroll of acquirement {unknown}
Potions
 e - 3 potions of degeneration {unknown}


   Skills:
 + Level 2.7 Fighting
 + Level 3.1 Maces & Flails
 + Level 2.7 Dodging
 + Level 1.1 Stealth


You had one spell level left.
You didn't know any spells.
Your spell library was empty.

Dungeon Overview and Level Annotations

Branches:
Dungeon (1/15)

Altars:


Innate Abilities, Weirdness & Mutations

You are too large for most types of armour.
You have claws for hands.
Your natural rate of healing is unusually fast.
You are covered in fur. (AC +1)
You have tough skin. (AC +1)


Message History

The goblin shouts!
You hear a shout!
A hobgoblin comes into view.
The hobgoblin hits you but does no damage.
You completely miss the hobgoblin.
The goblin hits you with a +0 dagger of venom.
You are poisoned.
The hobgoblin hits you but does no damage.
The goblin hits you with a +0 dagger of venom.
You hit the hobgoblin but do no damage.
You feel sick. The hobgoblin hits you.
The goblin hits you with a +0 dagger of venom.
You are more poisoned.
You hit the hobgoblin.
The hobgoblin is lightly wounded.
You feel very sick.
The hobgoblin hits you but does no damage.
The goblin hits you with a +0 dagger of venom.
You are more poisoned.
You barely miss the hobgoblin.
The hobgoblin is lightly wounded.
You feel very sick. The hobgoblin closely misses you.
The goblin barely misses you.
You closely miss the hobgoblin.
The hobgoblin is lightly wounded.
You feel very sick.
The hobgoblin hits you but does no damage.
The goblin barely misses you. The hobgoblin hits you.
You hit the hobgoblin.
You kill the hobgoblin!
You feel sick.
The goblin hits you with a +0 dagger of venom.
* * * LOW HITPOINT WARNING * * *
You are lethally poisoned!
The goblin hits you but does no damage.
You closely miss the goblin.
* * * LOW HITPOINT WARNING * * *
You feel very sick.
The goblin hits you with a +0 dagger of venom.
* * * LOW HITPOINT WARNING * * *
You are more poisoned.
You die...

#.# #...............#####.#
#.#
...####.............#.######
#.. ..#.###.....†.........
####.# #.#####...†...>. #.#
#.....#### #.# #......# #
#.# #....#....
#.###.#####......###
#..@.g..........##
#####.#########.# .#.# .# ##
##


You could see a goblin.

Vanquished Creatures
  2 dart slugs (D:1)
  2 endoplasms (D:1)
  2 giant cockroaches (D:1)
  A goblin (D:1)
  2 hobgoblins (D:1)
  3 ball pythons (D:1)
  2 bats (D:1)
  2 kobolds (D:1)
  2 rats (D:1)
18 creatures vanquished.

Notes
Turn   | Place    | Note
-------+----------+-------------------------------------------
     0 | D:1      | issech the Troll Monk began the quest for the Orb.
     0 | D:1      | Reached XP level 1. HP: 22/22 MP: 0/0
   177 | D:1      | Reached XP level 2. HP: 28/29 MP: 1/1
   217 | D:1      | Reached skill level 3 in Maces & Flails
   308 | D:1      | HP: 1/29 [goblin/+0 dagger of venom (3)]
   309 | D:1      | Succumbed to a goblin's poison

Illustrated notes

Levels and vault maps discovered:
D:1:      minmay_arrival_stone_box, layout_loops_ring

Skill      XL: |  1  2 |
---------------+-------+-----
Maces & Flails | 3 |  3.1
Fighting       | |  2.7
Dodging        | |  2.7
Stealth        | |  1.1

Action                   || total
-------------------------++-------
Melee: Mace              ||    59
       Punch             ||     1
 Stab: Sleeping          ||     1
Armor: Robe              ||    34
Dodge: Dodged            ||    50
